 Dungeon Crawl Stone Soup version 0.17.0 (webtiles) character file.

472 patrick the Skirmisher (level 7, -7/76 HPs)
             Began as an Ogre Wanderer on Nov 17, 2015.
             Mangled by Blork the orc
             ... wielding a +0 dire flail
              (9 damage)
             ... on level 4 of the Dungeon.
             The game lasted 00:08:08 (3854 turns).

patrick the Skirmisher (Ogre Wanderer)              Turns: 3854, Time: 00:08:08

Health: -7/76      AC:  6    Str: 19    XL:     7   Next: 9%
Magic:  7/7        EV: 10    Int: 11    God:
Gold:   76         SH:  0    Dex: 10    Spells: 0 memorised, 6 levels left

rFire  . . .     SeeInvis .     a - +1 mace
rCold  . . .     Clarity  .     h - +2 robe
rNeg   . . .     SustAt   .     (no shield)
rPois  .         Gourm    .     (helmet restricted)
rElec  .         Spirit   .     x - +0 cloak
rCorr  .         Warding  .     (gloves unavailable)
rMut   .         Stasis   .     (boots unavailable)
MR     .....                    (no amulet)
Stlth  +.........               (no ring)
                                (no ring)

@: lethally poisoned (-7 -> -8), not resistant to hostile enchantments, very
unstealthy
A: unfitting armour, tough skin 1
a: no special abilities


You were on level 4 of the Dungeon.
You were not hungry.

You visited 1 branch of the dungeon, and saw 4 of its levels.

You collected 76 gold pieces.

Inventory:

Hand Weapons
 a - a +1 mace (weapon)
Armour
 h - a +2 robe (worn)
 x - a +0 cloak (worn)
Jewellery
 d - a cursed amulet of resist corrosion {unknown}
 n - an uncursed ring of magical power {unknown}
Wands
 b - a wand of polymorph (18)
 m - a wand of disintegration (9)
 q - a wand of enslavement (4)
 t - a wand of flame (13)
 v - a wand of random effects (25)
Scrolls
 c - 3 scrolls of amnesia
 f - 2 scrolls of teleportation
 g - 3 scrolls of identify
 i - 2 scrolls of recharging
 k - a scroll of enchant weapon
 o - a scroll of remove curse {unknown}
 r - a scroll of magic mapping {unknown}
 s - a scroll of noise {unknown}
Comestibles
 e - 4 bread rations
 l - 3 meat rations


   Skills:
 + Level 6.7 Fighting
 * Level 5.4(5.6) Maces & Flails
   Level 1.0(2.5) Staves
   Level 1.0 Bows
 + Level 3.5 Throwing
 + Level 2.6 Dodging
 - Level 1.5 Stealth
   Level 1.0 Shields


You had 6 spell levels left.
You didn't know any spells.

Dungeon Overview and Level Annotations

Branches:
Dungeon (4/15)
 Temple: D:4-7

Altars:
Fedhas

Annotations:
D:3 exclusion: oklob plant
D:4 Blork the orc, Dowan, Duvessa


Innate Abilities, Weirdness & Mutations

You are too large for most types of armour.
You have tough skin (AC +1).


Message History

Press: ? - help, Shift-Dir - straight line, f - Blork the orc
Aim: Blork the orc, wielding a dire flail, wearing a robe and carrying a wand of flame {zapped: 11} (heavily wounded)
The puff of flame misses Blork the orc.
Evoking this partially-identified wand wasted a few charges.
Blork the orc zaps a wand.
The puff of flame hits you!
* * * LOW HITPOINT WARNING * * *
You sock Blork the orc!
Blork the orc is severely wounded.
Blork the orc hits you but does no damage.
You hit Blork the orc.
Blork the orc is almost dead.
You feel sick. Blork the orc barely misses you.
You hit Blork the orc but do no damage.
Blork the orc is almost dead.
Blork the orc hits you with a dire flail!
* * * LOW HITPOINT WARNING * * *
You hit Blork the orc.
Blork the orc is almost dead.
Blork the orc hits you with a dire flail!
You die...

#.# #..######## #.# #......#
#.# #.####.# #.# #.####.####
#.# #......(... #.#
######.#### #.# #.# ##.##
##.# #.# #.# .#...##>....
#@# #.# ........... #o#
#######.# ##....#.......>..#
#.......#
...#............####.#######
# #....#...<............#
###............##.####..#
............... #.# #..#
#####.#.###.### #.####..# #
#.# #. #.......#


You could see Blork the orc.

Vanquished Creatures
  The ghost of tengen the Chopper, an amateur TeGl (D:3)
  Crazy Yiuf (D:4)
  An orc priest (D:4)
  A giant frog skeleton (D:4)
  An orc wizard (D:4)
  2 worker ants (D:4)
  7 adders
  6 gnolls
  3 worms
  3 giant geckos
  10 orcs
  4 giant cockroaches
  8 goblins
  7 hobgoblins
  2 jackals (D:2)
  6 kobolds
  A quokka (D:4)
  2 ball pythons
  7 bats
  5 giant newts
  8 rats
86 creatures vanquished.

Notes
Turn   | Place    | Note
--------------------------------------------------------------
     0 | D:1      | patrick the Ogre Wanderer began the quest for the Orb.
     0 | D:1      | patrick set off with: a +2 robe, a potion of lignification, a +0 quarterstaff, a +0 dagger, a bread ration
     0 | D:1      | Reached XP level 1. HP: 27/27 MP: 1/1
   190 | D:1      | Reached XP level 2. HP: 35/35 MP: 2/2
   726 | D:1      | Reached skill level 1 in Maces & Flails
   938 | D:1      | Reached XP level 3. HP: 40/44 MP: 3/3
  1061 | D:2      | Found a faded altar to an unknown god.
  1087 | D:2      | Reached skill level 1 in Throwing
  1411 | D:2      | Reached XP level 4. HP: 52/52 MP: 4/4
  1739 | D:2      | Reached skill level 6 in Fighting
  1747 | D:2      | Reached XP level 5. HP: 32/59 MP: 5/5
  2089 | D:3      | Noticed tengen's ghost (amateur TeGl)
  2101 | D:3      | Killed tengen's ghost
  2101 | D:3      | Reached XP level 6. HP: 67/67 MP: 6/6
  2504 | D:3      | Found a blossoming altar of Fedhas.
  2527 | D:3      | Noticed an oklob plant
  3079 | D:4      | Reached skill level 5 in Maces & Flails
  3431 | D:4      | Noticed Duvessa
  3492 | D:4      | Noticed Crazy Yiuf
  3497 | D:4      | Killed Crazy Yiuf
  3497 | D:4      | Reached XP level 7. HP: 76/76 MP: 7/7
  3563 | D:4      | Noticed Dowan
  3827 | D:4      | Noticed Blork the orc
  3853 | D:4      | HP: 2/76 [Blork the orc/dire flail (7)]
  3854 | D:4      | Mangled by Blork the orc

Action                   |  1- 3 |  4- 6 |  7- 9 || total
-------------------------+-------+-------+-------++-------
Melee: Quarterstaff      |    10 |       |       ||    10
       Club              |    57 |       |       ||    57
       Mace              |    75 |   136 |    15 ||   226
       Flail             |       |       |     5 ||     5
Throw: Large rock        |     3 |    20 |     4 ||    27
Evoke: Wand              |       |     1 |     2 ||     3
  Use: Scroll            |     3 |     2 |     1 ||     6
       Potion            |     2 |     4 |     3 ||     9
 Stab: Sleeping          |     2 |     3 |       ||     5
  Eat: Chunk             |     2 |     7 |       ||     9
       Fruit             |       |       |     1 ||     1
